 Dungeon Crawl Stone Soup version 0.27-a0-1565-gad902ab807 (webtiles) character file.

Game seed: 12171778955130947203

417 robertstho the Firebug (level 6, -2/43 (44) HPs)
             Began as a Gnoll Fire Elementalist on July 16, 2021.
             Was an Initiate of Sif Muna.
             Slain by a wight (3 damage)
             ... on level 4 of the Dungeon.
             The game lasted 00:05:50 (4584 turns).

robertstho the Firebug (Gnoll Fire Elementalist)    Turns: 4584, Time: 00:05:50

HP:   -2/43 (44)    AC:  2    Str: 13    XL:     6   Next: 92%
MP:   23/23         EV: 13    Int: 17    God:    Sif Muna [......]
Gold: 128           SH:  0    Dex: 12    Spells: 2/15 levels left

rFire    . . .     SeeInvis .   l - +0 short sword
rCold    . . .     Faith    .   (no shield)
rNeg     . . .     Spirit   .   a - +0 robe
rPois    .         Reflect  .   (no helmet)
rElec    .         Harm     .   (no cloak)
rCorr    .         Rampage  .   (no gloves)
Will     .....                  (no boots)
Stlth    +++.......             (no amulet)
HPRegen  0.14/turn              b - +6 ring of strength
MPRegen  0.18/turn              j - ring of magical power

@: about to teleport, lightly drained
A: fangs 1, strong nose, distributed training
a: Renounce Religion


You were on level 4 of the Dungeon.
You worshipped Sif Muna.
Sif Muna was noncommittal.
You visited 2 branches of the dungeon, and saw 5 of its levels.

You collected 128 gold pieces.

Inventory:

Hand Weapons
 c - a +0 dagger
 l - a +0 short sword (weapon)
Armour
 a - a +0 robe (worn)
Jewellery
 b - a +6 ring of strength (left hand)
 j - a ring of magical power (right hand)
 n - a +6 ring of strength
Scrolls
 e - 4 scrolls of amnesia
 h - a scroll of teleportation
Potions
 f - 2 potions of curing {unknown}
 g - a potion of resistance {unknown}
 i - a potion of flight {unknown}
 k - a potion of lignification {unknown}
 m - a potion of mutation {unknown}
 p - 2 potions of magic {unknown}


   Skills:
 + Level 2.1 Fighting
 + Level 2.1 Short Blades
 + Level 2.1 Long Blades
 + Level 2.1 Axes
 + Level 2.1 Maces & Flails
 + Level 2.1 Polearms
 + Level 2.1 Staves
 + Level 2.1 Slings
 + Level 2.1 Bows
 + Level 2.1 Crossbows
 + Level 2.1 Throwing
 + Level 2.1 Armour
 + Level 5.1 Dodging
 + Level 4.7 Stealth
 + Level 2.1 Shields
 + Level 2.1 Unarmed Combat
 + Level 5.4 Spellcasting
 + Level 2.7 Conjurations
 + Level 1.7 Hexes
 + Level 1.7 Summonings
 + Level 1.7 Necromancy
 + Level 1.7 Translocations
 + Level 1.7 Transmutations
 + Level 5.7 Fire Magic
 + Level 1.7 Ice Magic
 + Level 1.7 Air Magic
 + Level 1.7 Earth Magic
 + Level 1.7 Poison Magic
 + Level 2.4 Invocations
 + Level 2.1 Evocations


You had 2 spell levels left.
You knew the following spells:

 Your Spells              Type           Power      Damage    Failure   Level
a - Foxfire               Conj/Fire      76%        2x1d7     2%          1
b - Conjure Flame         Conj/Fire      19%        6-21      7%          3
c - Sticky Flame          Conj/Fire      19%        2d4       24%         4
d - Fireball              Conj/Fire      9%         3d6       54%         5

Your spell library contained the following spells:

 Spells                   Type           Power      Damage    Failure   Level
 Beastly Appendage        Tmut           20%        N/A       7%          1
 Wereblood                Tmut           10%        N/A       10%         2
 Inner Flame              Hex/Fire       17%        N/A       9%          3
 Spider Form              Tmut/Pois      5%         N/A       21%         3


Dungeon Overview and Level Annotations

Branches:
Dungeon (4/15)             Temple (1/1) D:4

Altars:
Cheibriados
Qazlal
Sif Muna
Trog
The Shining One

Shops:
D:1 [


Innate Abilities, Weirdness & Mutations

You have very sharp teeth.
Your uncanny sense of smell can sniff out nearby items.
Your experience applies equally to all skills.


Message History

The wight hits you with a +0 war axe of freezing.
The wight freezes you.
Casting: Foxfire (safe; 2% risk of failure)
Press: ? - help, Q - select action, (/) - cycle Dir - look around, f - activate You conjure some foxfire!
The foxfire hits the wight.
The wight is moderately damaged.
The wight hits you but does no damage.
The wight hits you with a +0 war axe of freezing!
The wight freezes you.
Your foxfire dissipates!
The foxfire hits the wight but does no damage.
The wight is moderately damaged.
The foxfire hits the wight but does no damage.
The wight is moderately damaged.
The wight hits you with a +0 dagger!
* * * LOW HITPOINT WARNING * * *
The wight throws a stone.
The stone hits you.
* * * LOW HITPOINT WARNING * * *
You are confused.
You feel invigorated.
You bump into the rock wall.
The wight barely misses you.
You're too confused to move!
The wight hits you with a +0 war axe of freezing!
* * * LOW HITPOINT WARNING * * *
The wight freezes you.
* * * LOW HITPOINT WARNING * * *
You bump into the rock wall.
The wight hits you with a +0 war axe of freezing.
* * * LOW HITPOINT WARNING * * *
The wight freezes you.
* * * LOW HITPOINT WARNING * * *
You feel less invigorated.
You feel less confused.
As you read the scroll of teleportation, it crumbles to dust.
You feel strangely unstable.
The wight hits you with a +0 war axe of freezing!
* * * LOW HITPOINT WARNING * * *
You feel drained.
You die...

##############........#####...#
.........# #.#.....#####...#.
.........# #..#............##
#..# #.#.#..........##.
#..#####.#.##########.#.#
#........#.# ##.## #.########.#
### #.########.# #....z.z@..#
############


You could see 2 wights.

Vanquished Creatures
  Grinder (D:3)
  Terence (D:3)
  Natasha (twice) (D:3)
  A hound skeleton (D:4)
  4 adders
  A worm (D:2)
  2 dart slugs
  2 orcs (D:3)
  7 endoplasms
  A giant cockroach (D:4)
  6 goblins
  8 hobgoblins
  15 jackals
  2 quokkas
  9 ball pythons
  7 bats
  2 frilled lizards
  4 kobolds
  8 rats
83 creatures vanquished.

Vanquished Creatures (collateral kills)
  3 foxfires (D:4)
3 creatures vanquished.

Vanquished Creatures (others)
  409 foxfires
409 creatures vanquished.

Grand Total: 495 creatures vanquished

Notes
Turn   | Place    | Note
-------+----------+-------------------------------------------
     0 | D:1      | robertstho the Gnoll Fire Elementalist began the quest for
                  | the Orb.
     0 | D:1      | Reached XP level 1. HP: 13/13 MP: 6/6
   159 | D:1      | Found Ychionox's Armour Shoppe.
   226 | D:1      | Reached XP level 2. HP: 10/19 MP: 1/7
   916 | D:1      | Reached XP level 3. HP: 25/25 MP: 2/9
  1014 | D:1      | Reached skill level 5 in Spellcasting
  1538 | D:2      | Reached skill level 1 in Invocations
  1618 | D:2      | Found a stormy altar of Qazlal.
  1936 | D:2      | Found a faded altar of an unknown god.
  2126 | D:2      | Reached skill level 1 in Fighting
  2126 | D:2      | Reached skill level 1 in Short Blades
  2126 | D:2      | Reached skill level 1 in Long Blades
  2126 | D:2      | Reached skill level 1 in Axes
  2126 | D:2      | Reached skill level 1 in Maces & Flails
  2126 | D:2      | Reached skill level 1 in Polearms
  2126 | D:2      | Reached skill level 1 in Staves
  2126 | D:2      | Reached skill level 1 in Slings
  2126 | D:2      | Reached skill level 1 in Bows
  2126 | D:2      | Reached skill level 1 in Crossbows
  2126 | D:2      | Reached skill level 1 in Throwing
  2126 | D:2      | Reached skill level 1 in Armour
  2126 | D:2      | Reached skill level 1 in Shields
  2126 | D:2      | Reached skill level 1 in Unarmed Combat
  2126 | D:2      | Reached skill level 1 in Evocations
  2132 | D:2      | Reached XP level 4. HP: 32/32 MP: 3/11
  2835 | D:3      | Noticed Terence
  2865 | D:3      | Killed Terence
  2866 | D:3      | Reached skill level 1 in Hexes
  2866 | D:3      | Reached skill level 1 in Summonings
  2866 | D:3      | Reached skill level 1 in Necromancy
  2866 | D:3      | Reached skill level 1 in Translocations
  2866 | D:3      | Reached skill level 1 in Transmutations
  2866 | D:3      | Reached skill level 1 in Ice Magic
  2866 | D:3      | Reached skill level 1 in Air Magic
  2866 | D:3      | Reached skill level 1 in Earth Magic
  2866 | D:3      | Reached skill level 1 in Poison Magic
  3123 | D:3      | Reached XP level 5. HP: 36/37 MP: 12/12
  3218 | D:3      | Noticed Natasha
  3223 | D:3      | Killed Natasha
  3714 | D:3      | Noticed Natasha
  3720 | D:3      | Killed Natasha
  3725 | D:3      | Learned a level 3 spell: Conjure Flame
  3730 | D:3      | Learned a level 4 spell: Sticky Flame
  3736 | D:3      | Learned a level 5 spell: Fireball
  4061 | D:3      | Noticed Grinder
  4069 | D:3      | Killed Grinder
  4070 | D:3      | Reached skill level 5 in Dodging
  4070 | D:3      | Reached XP level 6. HP: 42/44 MP: 14/14
  4324 | D:4      | Found a staircase to the Ecumenical Temple.
  4350 | Temple   | Entered the Ecumenical Temple
  4449 | Temple   | Became a worshipper of Sif Muna the Loreminder
  4572 | D:4      | HP: 2/44 [wight/stone (6)]
  4579 | D:4      | HP: 2/44 [wight (2)]
  4584 | D:4      | HP: 1/44 [wight (9)]
  4584 | D:4      | Slain by a wight

Illustrated notes

Levels and vault maps discovered:
D:1:      minmay_arrival_four_loops, layout_rooms, serial_shops, shop
D:2:      layout_basic, basic_altar, basic_ecumenical_altar
D:3:      layout_basic, minmay_misc_feat_room, amcnicky_mini_pool_small,
          uniq_terence, uniq_grinder, uniq_natasha
D:4:      layout_loops_ring, nicolae_uskayaw_suspiria,
          minmay_temple_entry_gardened_gates, uniq_blork_the_orc
Temple:   regret_index_temple_generic_petals

Skill      XL: |  1  2  3  4  5 |
---------------+----------------+-----
Conjurations   | 2 |  2.7
Spellcasting   | 5 |  5.4
Invocations    | 1 2 |  2.4
Fighting       | 1 2 |  2.1
Short Blades   | 1 2 |  2.1
Long Blades    | 1 2 |  2.1
Axes           | 1 2 |  2.1
Maces & Flails | 1 2 |  2.1
Polearms       | 1 2 |  2.1
Staves         | 1 2 |  2.1
Slings         | 1 2 |  2.1
Bows           | 1 2 |  2.1
Crossbows      | 1 2 |  2.1
Throwing       | 1 2 |  2.1
Armour         | 1 2 |  2.1
Shields        | 1 2 |  2.1
Unarmed Combat | 1 2 |  2.1
Evocations     | 1 2 |  2.1
Hexes          | 1 |  1.7
Summonings     | 1 |  1.7
Necromancy     | 1 |  1.7
Translocations | 1 |  1.7
Transmutations | 1 |  1.7
Ice Magic      | 1 |  1.7
Air Magic      | 1 |  1.7
Earth Magic    | 1 |  1.7
Poison Magic   | 1 |  1.7
Dodging        | 5 |  5.1
Stealth        | |  4.7
Fire Magic     | |  5.7

Action                   |  1- 3 |  4- 6 || total
-------------------------+-------+-------++-------
Melee: Short sword       |       |     4 ||     4
 Cast: Foxfire           |   127 |   126 ||   253
  Use: Potion            |       |     2 ||     2
       Scroll            |       |     5 ||     5
Armor: Robe              |     8 |     3 ||    11
Dodge: Dodged            |    14 |    19 ||    33

Table legend: (Time is in decaauts)
 A = Elapsed time spent in this place.
 B = Non-inter-level travel time spent in this place.
 C = Inter-level travel time spent in this place.
 D = Time resting spent in this place.
 E = Time spent auto-exploring this place.
 F = Levels seen in this place.
 G = Mean time per level.
                   A        B        C        D        E       F      G
               +--------+--------+--------+--------+--------+-----+--------+
         Total |   4581 |   4509 |     72 |      0 |   3908 |   5 |  916.2 |
       Dungeon |   4459 |   4409 |     50 |      0 |   3818 |   4 | 1114.8 |
        Temple |    121 |     99 |     22 |      0 |     90 |   1 |  121.0 |
               +--------+--------+--------+--------+--------+-----+--------+

Top non-repeatable levels by time:
     D:1: 1532 daAuts
     D:3: 1446 daAuts
     D:2: 1300 daAuts
     D:4: 180 daAuts
  Temple: 121 daAuts
